Condors vs Eagles
Created - February 5, 2024 at 19:26
Goals
|
| Condors |
3 |
0 |
2 |
5 |
| Eagles |
1 |
2 |
1 |
4 |
|
Shots
|
| Condors |
13 |
11 |
5 |
29 |
| Eagles |
12 |
8 |
14 |
34 |
|
1st period
1. Condors , Philippe Myers 2 (Ryan McLeod 8) at 4:12
2. Eagles , Joseph Blandisi 20 (Nick Cousins 12) at 13:40
3. Condors , Remi Elie 1 (Zac Leslie 25) at 16:59
4. Condors , Kailer Yamamoto 21 (Phil McRae 25) at 19:21 (PP)
Penalties :
Ryan Murphy (Col) for Holding (Minor) at 18:15, Ryan Murphy (Col) for Interference (Minor) at 19:43
2nd period
5. Eagles , Zach Aston-Reese 11 (Connor Carrick 14, Ryan Murphy 22) at 4:09
6. Eagles , Zach Aston-Reese 12 (Connor Carrick 15, Keaton Middleton 15) at 16:45
Penalties :
Drake Caggiula (Col) for Cross-checking (Minor) at 5:51, Keaton Middleton (Col) for Tripping (Minor) at 10:20, Jack Dougherty (Col) for Hooking (Minor) at 13:52, Zac Leslie (Bak) for Tripping (Minor) at 18:18
3rd period
7. Condors , Nick Shore 20 (Nikolai Knyzhov 6, Patrik Laine 32) at 10:40
8. Eagles , Drake Caggiula 11 (Gabriel Vilardi 21, Michael Carcone 9) at 12:14 (PP)
9. Condors , Nick Shore 21 (Philippe Myers 15) at 19:25
Penalties :
Jack Dougherty (Col) for Roughing (Minor) at 3:43, Nick Shore (Bak) for Roughing (Minor) at 12:00, Jason Robertson (Bak) for Hooking (Minor) at 12:34
Goalie Stats
Garret Sparks (Bak), 30 saves from 34 shots - (0.882), W, 19-14-0, 60:00 minutes
Adin Hill (Col), 24 saves from 29 shots - (0.828), L, 18-16-4, 59:41 minutes
Players Stats for Condors
Player Name G A P +/- PIM S H SB GA TA FO MP PP MP PK MP
------------------------------------------------------------------------------------
Alexander Alexeyev 0 0 0 1 0 0 0 0 0 0 0/0 10:34 0:17 0:25
Alexandre Carrier 0 0 0 0 0 2 1 2 0 2 0/0 25:48 6:52 3:00
Brett Lernout 0 0 0 1 0 1 0 2 1 1 0/0 24:22 7:09 3:00
C.J. Smith 0 0 0 0 0 0 0 0 0 0 0/0 8:25 0:00 0:00
Connor Hurley 0 0 0 0 0 0 0 1 0 0 6/10 9:28 0:29 0:00
Filip Kral 0 0 0 -1 0 0 0 0 0 0 0/0 5:43 0:00 0:00
Jason Robertson 0 0 0 1 2 2 3 0 0 0 1/1 23:08 6:35 0:00
Kailer Yamamoto 1 0 1 -1 0 2 0 0 0 1 0/0 16:00 3:57 0:00
Kiefer Sherwood 0 0 0 0 0 1 0 0 0 1 0/1 15:19 4:19 2:44
Nick Shore 2 0 2 1 2 3 1 0 1 2 14/39 25:33 6:35 2:44
Nikolai Knyzhov 0 1 1 1 0 1 0 1 0 1 0/0 9:52 0:00 0:00
Patrik Laine 0 1 1 1 0 1 1 0 1 0 0/2 23:54 6:35 0:45
Phil McRae 0 1 1 -1 0 3 2 0 0 0 12/18 16:36 3:57 0:45
Philippe Myers 1 1 2 1 0 4 0 1 0 0 0/0 18:29 3:52 1:12
Pontus Holmberg 0 0 0 1 0 2 0 0 0 0 0/0 8:05 0:26 0:00
Remi Elie 1 0 1 1 0 1 0 0 1 0 0/0 8:06 0:00 0:27
Ryan McLeod 0 1 1 1 0 1 1 0 0 0 5/7 8:38 0:00 0:59
Taro Hirose 0 0 0 -1 0 3 1 0 0 0 1/1 12:28 0:10 0:00
Zac Leslie 0 1 1 -1 2 2 2 2 0 1 0/0 25:17 3:52 0:47
Players Stats for Eagles
Player Name G A P +/- PIM S H SB GA TA FO MP PP MP PK MP
------------------------------------------------------------------------------------
Chris Calhan 0 0 0 1 0 1 0 0 0 0 0/0 7:13 0:00 0:00
Connor Carrick 0 2 2 1 0 1 0 1 1 1 0/0 28:21 2:33 7:00
Drake Caggiula 1 0 1 -1 2 3 2 0 1 0 15/32 18:50 2:05 2:28
Gabriel Vilardi 0 1 1 0 0 2 2 1 1 0 0/0 16:59 2:05 1:58
Jack Dougherty 0 0 0 -2 4 2 2 2 0 0 0/0 23:09 2:33 3:07
Jared McCann 0 0 0 0 0 1 0 1 0 0 15/27 18:45 0:00 6:18
Jonathan Racine 0 0 0 0 0 1 0 1 0 0 0/0 11:03 0:00 3:21
Joseph Blandisi 1 0 1 -1 0 2 2 0 1 0 2/2 18:29 2:07 1:28
Keaton Middleton 0 1 1 0 2 0 3 3 0 0 0/0 25:25 1:39 4:55
Matteson Iacopelli 0 0 0 -1 0 2 1 0 1 0 0/0 9:33 0:00 0:00
Mattias Samuelsson 0 0 0 0 0 0 0 0 0 1 0/0 8:59 0:00 0:41
Michael Carcone 0 1 1 0 0 2 1 0 0 0 0/0 14:49 2:05 0:00
Michael Dal Colle 0 0 0 1 0 0 0 0 0 0 0/0 7:13 0:00 0:00
Nick Cousins 0 1 1 -1 0 5 3 0 1 0 0/1 22:56 2:07 6:18
Ryan Murphy 0 1 1 -1 4 4 1 1 1 2 0/0 23:57 1:39 2:58
Sam Steel 0 0 0 -1 0 2 1 1 1 0 3/6 10:07 0:00 0:00
Tyler Motte 0 0 0 -1 0 2 2 1 0 0 0/0 12:48 0:00 3:15
Zach Aston-Reese 2 0 2 1 0 4 0 0 1 0 5/11 10:17 2:07 0:17
3 Stars
1 - Zach Aston-Reese (Col)
2 - Nick Shore (Bak)
3 - Philippe Myers (Bak)
Power Play
Condors - 1 on 6 Attempt(s) - 16.67%
Eagles - 1 on 3 Attempt(s) - 33.33%
Penalty Kill
Condors - 2 on 3 Attempt(s) - 66.67%
- Score 0 goal in Penalty Kill
Eagles - 5 on 6 Attempt(s) - 83.33%
- Score 0 goal in Penalty Kill
Team Stat
Condors - Hits : 12 - Faceoff Wins : 39 - Blocked Shots : 9 - Penalty Minutes : 6
Eagles - Hits : 20 - Faceoff Wins : 40 - Blocked Shots : 12 - Penalty Minutes : 12
Official
Referees : Jacob Brenk and Dean Morton
Linesman : Steve Miller and Pierre Racicot
Game Notes
No Game Note
Finance
Level 1 -- Attendance: 1895 (94.75%) -- Ticket Income $132,650
Level 2 -- Attendance: 917 (91.70%) -- Ticket Income $36,680
Total Attendance: 2812 (93.73%)
Total Ticket Income: $169,330
Other Income: $8,466
Total Income: $177,796
Condors
5 vs 5 Forward
Center Left Wing Right Wing Time % Phy DF OF
1 Nick Shore Jason Robertson Patrik Laine 40 1 2 2
2 Phil McRae Taro Hirose Kailer Yamamoto 30 1 2 2
3 Connor Hurley C.J. Smith Kiefer Sherwood 20 1 2 2
4 Ryan McLeod Remi Elie Pontus Holmberg 10 1 2 2
5 vs 5 Defense
Defense Defense Time % Phy DF OF
1 Alexandre Carrier Zac Leslie 40 1 2 2
2 Philippe Myers Brett Lernout 30 1 2 2
3 Nikolai Knyzhov Alexander Alexeyev 20 1 2 2
4 Zac Leslie Filip Kral 10 1 2 2
PowerPlay Forward
Center Left Wing Right Wing Time % Phy DF OF
1 Nick Shore Jason Robertson Patrik Laine 60 1 2 2
2 Phil McRae Kiefer Sherwood Kailer Yamamoto 40 1 2 2
PowerPlay Defense
Defense Defense Time % Phy DF OF
1 Alexandre Carrier Brett Lernout 60 1 2 2
2 Philippe Myers Zac Leslie 40 1 2 2
Penalty Kill 4 Players Forward
Center Wing Time % Phy DF OF
1 Nick Shore Kiefer Sherwood 60 1 2 2
2 Phil McRae Patrik Laine 40 1 2 2
Penalty Kill 4 Players Defense
Defense Defense Time % Phy DF OF
1 Brett Lernout Alexandre Carrier 60 1 2 2
2 Philippe Myers Zac Leslie 40 1 2 2
Penalty Kill - 3 Players Forward
Forward Time % Phy DF OF
1 Phil McRae 60 1 2 2
2 Nick Shore 40 1 2 2
Penalty Kill - 3 Players Defense
Defense Defense Time % Phy DF OF
1 Brett Lernout Alexandre Carrier 60 1 2 2
2 Philippe Myers Zac Leslie 40 1 2 2
4 vs 4 Forward
Center Wing Time % Phy DF OF
1 Nick Shore Kailer Yamamoto 60 1 2 2
2 Phil McRae Kiefer Sherwood 40 1 2 2
4 vs 4 Defense
Defense Defense Time % Phy DF OF
1 Philippe Myers Alexandre Carrier 60 1 2 2
2 Brett Lernout Zac Leslie 40 1 2 2
Last Minutes Offensive
Center Left Wing Right Wing Defense Defense
Nick Shore Jason Robertson Patrik Laine Brett Lernout Zac Leslie
Last Minutes Defensive
Center Left Wing Right Wing Defense Defense
Nick Shore Kailer Yamamoto Patrik Laine Brett Lernout Zac Leslie
Goaltenders
Starting : Garret Sparks
Backup : Stuart Skinner
Extra Forwards
Normal : Taro Hirose, Connor Hurley, Kiefer Sherwood - PP : Taro Hirose, Connor Hurley - PK : Ryan McLeod
Extra Defensemen
Normal : Zac Leslie, Alexander Alexeyev, Filip Kral - PP : Brett Lernout - PK : Philippe Myers, Alexander Alexeyev
Penalty Shots
Jason Robertson, Nick Shore, Phil McRae, Kiefer Sherwood, Patrik Laine
Custom OT Lines Forwards
Jason Robertson, Nick Shore, Phil McRae, Kiefer Sherwood, Patrik Laine, Kailer Yamamoto, Taro Hirose, Connor Hurley, Ryan McLeod, Pontus Holmberg
Custom OT Lines Defensemen
Brett Lernout, Alexandre Carrier, Philippe Myers, Zac Leslie, Alexander Alexeyev
Scratches
Adam Erne (Healthy), Cole Cassels (Healthy), Colin White (Healthy), Semyon Der-Arguchintsev (Healthy), Emil Djuse (Healthy)
Gustav Olofsson (Strained Back Injury), Jeremy Gregoire (Healthy), Jordan Subban (Healthy), Robin Salo (Healthy), Filip Johansson (Healthy)
Lucas Johansen (Healthy), Cole Fonstad (Healthy), Jack Perbix (Healthy), Jaxson Stauber (Healthy)
Eagles
5 vs 5 Forward
Center Left Wing Right Wing Time % Phy DF OF
1 Drake Caggiula Joseph Blandisi Nick Cousins 36 1 1 3
2 Jared McCann Michael Carcone Gabriel Vilardi 33 1 1 3
3 Sam Steel Tyler Motte Matteson Iacopelli 21 1 2 2
4 Zach Aston-Reese Michael Dal Colle Chris Calhan 10 1 2 2
5 vs 5 Defense
Defense Defense Time % Phy DF OF
1 Ryan Murphy Jack Dougherty 41 1 2 2
2 Connor Carrick Keaton Middleton 39 1 2 2
3 Mattias Samuelsson Jonathan Racine 20 1 2 2
4 Connor Carrick Ryan Murphy 0 1 2 2
PowerPlay Forward
Center Left Wing Right Wing Time % Phy DF OF
1 Zach Aston-Reese Joseph Blandisi Nick Cousins 50 1 1 3
2 Drake Caggiula Michael Carcone Gabriel Vilardi 50 1 1 3
PowerPlay Defense
Defense Defense Time % Phy DF OF
1 Connor Carrick Jack Dougherty 55 1 1 3
2 Keaton Middleton Ryan Murphy 45 1 1 3
Penalty Kill 4 Players Forward
Center Wing Time % Phy DF OF
1 Jared McCann Nick Cousins 60 1 3 1
2 Drake Caggiula Tyler Motte 40 1 3 1
Penalty Kill 4 Players Defense
Defense Defense Time % Phy DF OF
1 Ryan Murphy Connor Carrick 55 1 3 1
2 Jack Dougherty Keaton Middleton 45 1 3 1
Penalty Kill - 3 Players Forward
Forward Time % Phy DF OF
1 Jared McCann 60 1 4 0
2 Drake Caggiula 40 1 4 0
Penalty Kill - 3 Players Defense
Defense Defense Time % Phy DF OF
1 Ryan Murphy Jack Dougherty 60 1 4 0
2 Connor Carrick Keaton Middleton 40 1 4 0
4 vs 4 Forward
Center Wing Time % Phy DF OF
1 Zach Aston-Reese Joseph Blandisi 55 1 2 2
2 Sam Steel Nick Cousins 45 1 2 2
4 vs 4 Defense
Defense Defense Time % Phy DF OF
1 Ryan Murphy Jack Dougherty 50 1 2 2
2 Connor Carrick Keaton Middleton 50 1 2 2
Last Minutes Offensive
Center Left Wing Right Wing Defense Defense
Zach Aston-Reese Michael Carcone Nick Cousins Ryan Murphy Connor Carrick
Last Minutes Defensive
Center Left Wing Right Wing Defense Defense
Jared McCann Tyler Motte Nick Cousins Ryan Murphy Connor Carrick
Goaltenders
Starting : Adin Hill
Backup : Daniel Altshuller
Extra Forwards
Normal : Sam Steel, Michael Carcone, Gabriel Vilardi - PP : Gabriel Vilardi, Matteson Iacopelli - PK : Gabriel Vilardi
Extra Defensemen
Normal : Keaton Middleton, Connor Carrick, Ryan Murphy - PP : Keaton Middleton - PK : Keaton Middleton, Connor Carrick
Penalty Shots
Gabriel Vilardi, Jared McCann, Zach Aston-Reese, Nick Cousins, Sam Steel
Custom OT Lines Forwards
Nick Cousins, Joseph Blandisi, Jared McCann, Drake Caggiula, Zach Aston-Reese, Tyler Motte, Michael Carcone, Sam Steel, Matteson Iacopelli, Gabriel Vilardi
Custom OT Lines Defensemen
Ryan Murphy, Jack Dougherty, Connor Carrick, Keaton Middleton, Mattias Samuelsson
Scratches
Dominik Kubalik (Healthy), Kevin Bahl (Healthy), Mark Friedman (Healthy), Tyler Tucker (Healthy), Xavier Ouellet (Healthy)
Alexander Nylander (Healthy), Pius Suter (Healthy), Max Lajoie (Healthy), Pascal Laberge (Healthy), Marian Studenic (Healthy)
Walker Duehr (Healthy), Zachary Emond (Healthy)
% Time on Ice - Condors
Lines # - Real PCT - Wanted PCT - Time Play
Normal Forward
1 - 37% - 40% - 16:15
2 - 27% - 30% - 11:54
3 - 19% - 20% - 8:25
4 - 17% - 10% - 7:39
Normal Defense
1 - 36% - 40% - 15:56
2 - 30% - 30% - 13:25
3 - 22% - 20% - 9:52
4 - 11% - 10% - 5:00
PP Forward
1 - 61% - 60% - 6:42
2 - 39% - 40% - 4:19
PP Defense
1 - 65% - 60% - 7:09
2 - 35% - 40% - 3:52
PK Forward
1 - 82% - 60% - 3:27
2 - 18% - 40% - 0:45
PK Defense
1 - 71% - 60% - 3:00
2 - 29% - 40% - 1:12
PK3 Forward
1 - 0% - 60%
2 - 0% - 40%
PK3 Defense
1 - 0% - 60%
2 - 0% - 40%
44 Forward
1 - 0% - 60%
2 - 0% - 40%
44 Defense
1 - 0% - 60%
2 - 0% - 40%
Last Minute Offensive - 0:00
Last Minute Defensive - 0:34
Total
Forward - 60:00
Defense - 60:00
|
% Time on Ice - Eagles
Lines # - Real PCT - Wanted PCT - Time Play
Normal Forward
1 - 35% - 36% - 15:17
2 - 28% - 33% - 12:10
3 - 22% - 21% - 9:33
4 - 16% - 10% - 7:13
Normal Defense
1 - 39% - 41% - 17:22
2 - 40% - 39% - 17:37
3 - 17% - 20% - 7:44
4 - 3% - 0% - 1:30
PP Forward
1 - 50% - 50% - 2:07
2 - 50% - 50% - 2:05
PP Defense
1 - 61% - 55% - 2:33
2 - 39% - 45% - 1:39
PK Forward
1 - 70% - 60% - 7:46
2 - 30% - 40% - 3:15
PK Defense
1 - 54% - 55% - 5:54
2 - 46% - 45% - 5:07
PK3 Forward
1 - 0% - 60%
2 - 0% - 40%
PK3 Defense
1 - 0% - 60%
2 - 0% - 40%
44 Forward
1 - 0% - 55%
2 - 0% - 45%
44 Defense
1 - 0% - 50%
2 - 0% - 50%
Last Minute Offensive - 0:34
Last Minute Defensive - 0:00
Total
Forward - 60:00
Defense - 60:00
|
Play-by-Play
1st period
0:01 of 1st period - Jason Robertson wins face-off versus Drake Caggiula in neutral zone.
0:48 of 1st period - Snap shot by Kiefer Sherwood.
0:48 of 1st period - Shot Misses the Net.
0:55 of 1st period - Off-side.
0:56 of 1st period - Zach Aston-Reese wins face-off versus Ryan McLeod in neutral zone.
1:09 of 1st period - Slapshot by Zach Aston-Reese.
1:09 of 1st period - Shot Misses the Net.
1:26 of 1st period - Off-side.
1:27 of 1st period - Jared McCann wins face-off versus Nick Shore in neutral zone.
1:32 of 1st period - Slapshot by Jared McCann.
1:32 of 1st period - Stopped by Garret Sparks without a rebound.
1:33 of 1st period - Phil McRae wins face-off versus Drake Caggiula in Condors zone.
1:33 of 1st period - Phil McRae is hit by Nick Cousins.
1:59 of 1st period - Wrist shot by Tyler Motte.
1:59 of 1st period - Stopped by Garret Sparks with a rebound.
4:04 of 1st period - Icing by Philippe Myers.
4:05 of 1st period - Ryan McLeod wins face-off versus Zach Aston-Reese in Condors zone.
4:12 of 1st period - Backhand shot by Philippe Myers.
4:12 of 1st period - Goal by Philippe Myers - Condors : 1 - Eagles : 0.
4:13 of 1st period - Drake Caggiula wins face-off versus Nick Shore in neutral zone.
4:16 of 1st period - Alexandre Carrier is hit by Joseph Blandisi and loses puck.
4:23 of 1st period - Slapshot by Nick Cousins.
4:23 of 1st period - Shot Blocked by Zac Leslie.
5:18 of 1st period - Jack Dougherty is hit by Ryan McLeod and loses puck.
5:25 of 1st period - Wrist shot by Ryan McLeod.
5:25 of 1st period - Stopped by Adin Hill without a rebound.
5:26 of 1st period - Drake Caggiula wins face-off versus Nick Shore in Eagles zone.
5:31 of 1st period - Slapshot by Nick Shore.
5:31 of 1st period - Deflect By Jason Robertson.
5:31 of 1st period - Stopped by Adin Hill without a rebound.
5:32 of 1st period - Nick Shore wins face-off versus Drake Caggiula in Eagles zone.
5:47 of 1st period - Slapshot by Nick Cousins.
5:47 of 1st period - Shot Misses the Net.
6:07 of 1st period - Backhand shot by Tyler Motte.
6:07 of 1st period - Shot Misses the Net.
6:44 of 1st period - Off-side.
6:45 of 1st period - Zach Aston-Reese wins face-off versus Connor Hurley in neutral zone.
6:54 of 1st period - Snap shot by Zach Aston-Reese.
6:54 of 1st period - Stopped by Garret Sparks without a rebound.
6:55 of 1st period - Drake Caggiula wins face-off versus Connor Hurley in Condors zone.
6:56 of 1st period - Wrist shot by Joseph Blandisi.
6:56 of 1st period - Shot Misses the Net.
6:58 of 1st period - Wrist shot by Drake Caggiula.
6:58 of 1st period - Stopped by Garret Sparks without a rebound.
6:59 of 1st period - Drake Caggiula wins face-off versus Nick Shore in Condors zone.
7:10 of 1st period - Wrist shot by Joseph Blandisi.
7:10 of 1st period - Shot Blocked by Zac Leslie.
7:12 of 1st period - Backhand shot by Keaton Middleton.
7:12 of 1st period - Deflect By Drake Caggiula.
7:12 of 1st period - Shot Misses the Net.
7:12 of 1st period - Puck is out of play.
7:13 of 1st period - Jared McCann wins face-off versus Phil McRae in Condors zone.
7:44 of 1st period - Snap shot by Sam Steel.
7:44 of 1st period - Stopped by Garret Sparks with a rebound.
7:46 of 1st period - Slapshot by Sam Steel.
7:46 of 1st period - Stopped by Garret Sparks without a rebound.
7:47 of 1st period - Nick Shore wins face-off versus Drake Caggiula in Condors zone.
8:59 of 1st period - Taro Hirose is hit by Drake Caggiula and loses puck.
10:02 of 1st period - Snap shot by Kiefer Sherwood.
10:02 of 1st period - Shot Blocked by Sam Steel.
10:37 of 1st period - Snap shot by Patrik Laine.
10:37 of 1st period - Stopped by Adin Hill with a rebound.
10:39 of 1st period - Snap shot by Alexandre Carrier.
10:39 of 1st period - Stopped by Adin Hill without a rebound.
10:40 of 1st period - Jared McCann wins face-off versus Nick Shore in Eagles zone.
10:55 of 1st period - Wrist shot by Jared McCann.
10:55 of 1st period - Deflect By Michael Carcone.
10:55 of 1st period - Stopped by Garret Sparks without a rebound.
10:56 of 1st period - Connor Hurley wins face-off versus Drake Caggiula in Condors zone.
11:05 of 1st period - Slapshot by Connor Hurley.
11:05 of 1st period - Shot Misses the Net.
11:27 of 1st period - Jason Robertson is hit by Gabriel Vilardi and loses puck.
12:09 of 1st period - Connor Carrick is hit by Jason Robertson and loses puck.
12:28 of 1st period - Slapshot by Connor Carrick.
12:28 of 1st period - Deflect By Nick Shore.
12:28 of 1st period - Stopped by Garret Sparks without a rebound.
12:29 of 1st period - Drake Caggiula wins face-off versus Phil McRae in Condors zone.
13:17 of 1st period - Wrist shot by Matteson Iacopelli.
13:17 of 1st period - Shot Blocked by Alexandre Carrier.
13:32 of 1st period - Off-side.
13:33 of 1st period - Joseph Blandisi wins face-off versus Phil McRae in neutral zone.
13:40 of 1st period - Snap shot by Joseph Blandisi.
13:40 of 1st period - Goal by Joseph Blandisi - Condors : 1 - Eagles : 1.
13:41 of 1st period - Drake Caggiula wins face-off versus Nick Shore in neutral zone.
14:27 of 1st period - Snap shot by Tyler Motte.
14:27 of 1st period - Deflect By Matteson Iacopelli.
14:27 of 1st period - Shot Misses the Net.
14:27 of 1st period - Puck is out of play.
14:28 of 1st period - Connor Hurley wins face-off versus Sam Steel in Condors zone.
14:28 of 1st period - Connor Hurley is hit by Tyler Motte.
14:54 of 1st period - Snap shot by Matteson Iacopelli.
14:54 of 1st period - Shot Blocked by Connor Hurley.
14:56 of 1st period - Wrist shot by Tyler Motte.
14:56 of 1st period - Stopped by Garret Sparks without a rebound.
14:57 of 1st period - Drake Caggiula wins face-off versus Nick Shore in Condors zone.
14:58 of 1st period - Snap shot by Nick Cousins.
14:58 of 1st period - Stopped by Garret Sparks without a rebound.
14:59 of 1st period - Drake Caggiula wins face-off versus Nick Shore in Condors zone.
15:04 of 1st period - Wrist shot by Nick Cousins.
15:04 of 1st period - Stopped by Garret Sparks with a rebound.
16:45 of 1st period - Snap shot by Remi Elie.
16:45 of 1st period - Shot Misses the Net.
16:59 of 1st period - Snap shot by Remi Elie.
16:59 of 1st period - Goal by Remi Elie - Condors : 2 - Eagles : 1.
17:00 of 1st period - Drake Caggiula wins face-off versus Nick Shore in neutral zone.
17:08 of 1st period - Icing by Philippe Myers.
17:09 of 1st period - Drake Caggiula wins face-off versus Nick Shore in Condors zone.
17:40 of 1st period - Slapshot by Nick Shore.
17:40 of 1st period - Shot Misses the Net.
17:48 of 1st period - Slapshot by Jason Robertson.
17:48 of 1st period - Stopped by Adin Hill with a rebound.
17:50 of 1st period - Slapshot by Philippe Myers.
17:50 of 1st period - Stopped by Adin Hill without a rebound.
17:51 of 1st period - Phil McRae wins face-off versus Jared McCann in Eagles zone.
17:54 of 1st period - Snap shot by Taro Hirose.
17:54 of 1st period - Shot Misses the Net.
18:04 of 1st period - Wrist shot by Phil McRae.
18:04 of 1st period - Stopped by Adin Hill with a rebound.
18:06 of 1st period - Snap shot by Phil McRae.
18:06 of 1st period - Stopped by Adin Hill without a rebound.
18:07 of 1st period - Connor Hurley wins face-off versus Zach Aston-Reese in Eagles zone.
18:15 of 1st period - Minor Penalty to Ryan Murphy for Holding.
18:16 of 1st period - Nick Shore wins face-off versus Jared McCann in Eagles zone.
18:27 of 1st period - Icing by Nick Shore.
18:28 of 1st period - Jared McCann wins face-off versus Nick Shore in Condors zone.
18:55 of 1st period - Nick Shore is hit by Keaton Middleton and loses puck.
19:15 of 1st period - Wrist shot by Jason Robertson.
19:15 of 1st period - Shot Misses the Net.
19:17 of 1st period - Snap shot by Patrik Laine.
19:17 of 1st period - Shot Blocked by Jared McCann.
19:19 of 1st period - Snap shot by Nick Shore.
19:19 of 1st period - Deflect By Jason Robertson.
19:19 of 1st period - Shot Blocked by Keaton Middleton.
19:19 of 1st period - Puck is out of play.
19:20 of 1st period - Phil McRae wins face-off versus Drake Caggiula in Eagles zone.
19:21 of 1st period - Snap shot by Kailer Yamamoto.
19:21 of 1st period - Goal by Kailer Yamamoto - Condors : 3 - Eagles : 1.
19:22 of 1st period - Phil McRae wins face-off versus Jared McCann in neutral zone.
19:35 of 1st period - Wrist shot by Phil McRae.
19:35 of 1st period - Stopped by Adin Hill with a rebound.
19:37 of 1st period - Slapshot by Zac Leslie.
19:37 of 1st period - Shot Misses the Net.
19:43 of 1st period - Minor Penalty to Ryan Murphy for Interference.
19:44 of 1st period - Jared McCann wins face-off versus Nick Shore in Eagles zone.
19:55 of 1st period - Wrist shot by Patrik Laine.
19:55 of 1st period - Shot Blocked by Keaton Middleton.
19:57 of 1st period - Wrist shot by Nick Shore.
19:57 of 1st period - Stopped by Adin Hill with a rebound.
19:59 of 1st period - Snap shot by Patrik Laine.
19:59 of 1st period - Shot Blocked by Keaton Middleton.
Goals for this period are 3 for Condors vs 1 for Eagles.
Shots for this period are 13 for Condors vs 12 for Eagles.
2nd period
0:01 of 2nd period - Jared McCann wins face-off versus Patrik Laine in neutral zone.
0:10 of 2nd period - Wrist shot by Jared McCann.
0:10 of 2nd period - Shot Blocked by Alexandre Carrier.
0:26 of 2nd period - Jared McCann is hit by Phil McRae.
1:43 of 2nd period - Penalty to Ryan Murphy is over, Ryan Murphy is back on ice.
2:36 of 2nd period - Zac Leslie is hit by Jack Dougherty and loses puck.
2:55 of 2nd period - Zac Leslie is hit by Nick Cousins and loses puck.
3:31 of 2nd period - Backhand shot by Zac Leslie.
3:31 of 2nd period - Stopped by Adin Hill with a rebound.
4:09 of 2nd period - Wrist shot by Zach Aston-Reese.
4:09 of 2nd period - Deflect By Nick Shore.
4:09 of 2nd period - Goal by Zach Aston-Reese - Condors : 3 - Eagles : 2.
4:10 of 2nd period - Phil McRae wins face-off versus Drake Caggiula in neutral zone.
4:15 of 2nd period - Wrist shot by Taro Hirose.
4:15 of 2nd period - Stopped by Adin Hill without a rebound.
4:16 of 2nd period - Phil McRae wins face-off versus Drake Caggiula in Eagles zone.
4:41 of 2nd period - Snap shot by Kiefer Sherwood.
4:41 of 2nd period - Shot Blocked by Jonathan Racine.
4:43 of 2nd period - Slapshot by Philippe Myers.
4:43 of 2nd period - Stopped by Adin Hill without a rebound.
4:44 of 2nd period - Connor Hurley wins face-off versus Jared McCann in Eagles zone.
4:53 of 2nd period - Snap shot by Kiefer Sherwood.
4:53 of 2nd period - Stopped by Adin Hill with a rebound.
4:55 of 2nd period - Slapshot by Nikolai Knyzhov.
4:55 of 2nd period - Shot Blocked by Jack Dougherty.
5:15 of 2nd period - Wrist shot by Phil McRae.
5:15 of 2nd period - Shot Misses the Net.
5:17 of 2nd period - Wrist shot by Brett Lernout.
5:17 of 2nd period - Shot Misses the Net.
5:19 of 2nd period - Slapshot by Philippe Myers.
5:19 of 2nd period - Stopped by Adin Hill without a rebound.
5:20 of 2nd period - Drake Caggiula wins face-off versus Nick Shore in Eagles zone.
5:37 of 2nd period - Philippe Myers is hit by Keaton Middleton and loses puck.
5:51 of 2nd period - Minor Penalty to Drake Caggiula for Cross-checking.
5:52 of 2nd period - Phil McRae wins face-off versus Jared McCann in Eagles zone.
5:55 of 2nd period - Wrist shot by Phil McRae.
5:55 of 2nd period - Shot Misses the Net.
5:57 of 2nd period - Backhand shot by Alexandre Carrier.
5:57 of 2nd period - Stopped by Adin Hill without a rebound.
5:58 of 2nd period - Phil McRae wins face-off versus Jared McCann in Eagles zone.
7:17 of 2nd period - Philippe Myers is hit by Tyler Motte and loses puck.
7:51 of 2nd period - Penalty to Drake Caggiula is over, Drake Caggiula is back on ice.
7:58 of 2nd period - Snap shot by Remi Elie.
7:58 of 2nd period - Shot Blocked by Ryan Murphy.
8:00 of 2nd period - Slapshot by Nikolai Knyzhov.
8:00 of 2nd period - Stopped by Adin Hill without a rebound.
8:01 of 2nd period - Ryan McLeod wins face-off versus Zach Aston-Reese in Eagles zone.
8:04 of 2nd period - Slapshot by Pontus Holmberg.
8:04 of 2nd period - Deflect By Ryan McLeod.
8:04 of 2nd period - Shot Misses the Net.
8:04 of 2nd period - Puck is out of play.
8:05 of 2nd period - Zach Aston-Reese wins face-off versus Phil McRae in Eagles zone.
8:34 of 2nd period - Off-side.
8:35 of 2nd period - Jared McCann wins face-off versus Nick Shore in neutral zone.
8:42 of 2nd period - Snap shot by Gabriel Vilardi.
8:42 of 2nd period - Shot Misses the Net.
9:05 of 2nd period - Backhand shot by Zac Leslie.
9:05 of 2nd period - Stopped by Adin Hill without a rebound.
9:06 of 2nd period - Phil McRae wins face-off versus Drake Caggiula in Eagles zone.
9:21 of 2nd period - Jack Dougherty is hit by Taro Hirose and loses puck.
9:36 of 2nd period - Slapshot by Ryan Murphy.
9:36 of 2nd period - Stopped by Garret Sparks with a rebound.
9:42 of 2nd period - Slapshot by Brett Lernout.
9:42 of 2nd period - Stopped by Adin Hill without a rebound.
9:43 of 2nd period - Sam Steel wins face-off versus Nick Shore in Eagles zone.
9:43 of 2nd period - Sam Steel is hit by Patrik Laine.
9:51 of 2nd period - Snap shot by Matteson Iacopelli.
9:51 of 2nd period - Stopped by Garret Sparks with a rebound.
9:58 of 2nd period - Off-side.
9:59 of 2nd period - Phil McRae wins face-off versus Jared McCann in neutral zone.
10:04 of 2nd period - Backhand shot by Taro Hirose.
10:04 of 2nd period - Shot Misses the Net.
10:06 of 2nd period - Wrist shot by Phil McRae.
10:06 of 2nd period - Shot Misses the Net.
10:08 of 2nd period - Backhand shot by Kailer Yamamoto.
10:08 of 2nd period - Shot Misses the Net.
10:10 of 2nd period - Wrist shot by Kailer Yamamoto.
10:10 of 2nd period - Stopped by Adin Hill without a rebound.
10:11 of 2nd period - Nick Shore wins face-off versus Drake Caggiula in Eagles zone.
10:16 of 2nd period - Snap shot by Nick Shore.
10:16 of 2nd period - Deflect By Patrik Laine.
10:16 of 2nd period - Shot Blocked by Connor Carrick.
10:16 of 2nd period - Puck is out of play.
10:17 of 2nd period - Drake Caggiula wins face-off versus Nick Shore in Eagles zone.
10:17 of 2nd period - Drake Caggiula is hit by Alexandre Carrier.
10:20 of 2nd period - Minor Penalty to Keaton Middleton for Tripping.
10:21 of 2nd period - Jared McCann wins face-off versus Nick Shore in Eagles zone.
10:21 of 2nd period - Jared McCann is hit by Jason Robertson.
11:25 of 2nd period - Zac Leslie is hit by Jack Dougherty.
11:47 of 2nd period - Jared McCann is hit by Jason Robertson and loses puck.
12:20 of 2nd period - Penalty to Keaton Middleton is over, Keaton Middleton is back on ice.
12:33 of 2nd period - Snap shot by Pontus Holmberg.
12:33 of 2nd period - Shot Blocked by Gabriel Vilardi.
12:39 of 2nd period - Snap shot by Joseph Blandisi.
12:39 of 2nd period - Stopped by Garret Sparks with a rebound.
12:55 of 2nd period - Snap shot by Pontus Holmberg.
12:55 of 2nd period - Stopped by Adin Hill without a rebound.
12:56 of 2nd period - Sam Steel wins face-off versus Phil McRae in Eagles zone.
13:26 of 2nd period - Connor Carrick is hit by Zac Leslie and loses puck.
13:43 of 2nd period - Wrist shot by Michael Carcone.
13:43 of 2nd period - Stopped by Garret Sparks without a rebound.
13:44 of 2nd period - Jared McCann wins face-off versus Ryan McLeod in Condors zone.
13:45 of 2nd period - Snap shot by Gabriel Vilardi.
13:45 of 2nd period - Deflect By Jared McCann.
13:45 of 2nd period - Shot Misses the Net.
13:45 of 2nd period - Puck is out of play.
13:46 of 2nd period - Ryan McLeod wins face-off versus Jared McCann in Condors zone.
13:52 of 2nd period - Minor Penalty to Jack Dougherty for Hooking.
13:53 of 2nd period - Nick Shore wins face-off versus Jared McCann in Eagles zone.
15:37 of 2nd period - Icing by Phil McRae.
15:38 of 2nd period - Phil McRae wins face-off versus Nick Cousins in Condors zone.
15:52 of 2nd period - Penalty to Jack Dougherty is over, Jack Dougherty is back on ice.
15:59 of 2nd period - Snap shot by Pontus Holmberg.
15:59 of 2nd period - Shot Misses the Net.
16:14 of 2nd period - Icing by Jack Dougherty.
16:15 of 2nd period - Connor Hurley wins face-off versus Sam Steel in Eagles zone.
16:45 of 2nd period - Snap shot by Zach Aston-Reese.
16:45 of 2nd period - Goal by Zach Aston-Reese - Condors : 3 - Eagles : 3.
16:46 of 2nd period - Jared McCann wins face-off versus Patrik Laine in neutral zone.
17:13 of 2nd period - Kailer Yamamoto is hit by Drake Caggiula and loses puck.
17:20 of 2nd period - Snap shot by Drake Caggiula.
17:20 of 2nd period - Stopped by Garret Sparks without a rebound.
17:21 of 2nd period - Nick Shore wins face-off versus Drake Caggiula in Condors zone.
17:29 of 2nd period - Off-side.
17:30 of 2nd period - Nick Shore wins face-off versus Drake Caggiula in neutral zone.
18:03 of 2nd period - Off-side.
18:04 of 2nd period - Jared McCann wins face-off versus Phil McRae in neutral zone.
18:18 of 2nd period - Minor Penalty to Zac Leslie for Tripping.
18:19 of 2nd period - Nick Shore wins face-off versus Zach Aston-Reese in Condors zone.
18:29 of 2nd period - Alexandre Carrier is hit by Joseph Blandisi.
18:33 of 2nd period - Wrist shot by Nick Cousins.
18:33 of 2nd period - Shot Misses the Net.
18:35 of 2nd period - Slapshot by Connor Carrick.
18:35 of 2nd period - Shot Blocked by Brett Lernout.
18:50 of 2nd period - Off-side.
18:51 of 2nd period - Nick Shore wins face-off versus Drake Caggiula in neutral zone.
19:04 of 2nd period - Snap shot by Nick Cousins.
19:04 of 2nd period - Stopped by Garret Sparks with a rebound.
Goals for this period are 0 for Condors vs 2 for Eagles.
Shots for this period are 11 for Condors vs 8 for Eagles.
3rd period
0:01 of 3rd period - Nick Shore wins face-off versus Drake Caggiula in neutral zone.
0:11 of 3rd period - Off-side.
0:12 of 3rd period - Zach Aston-Reese wins face-off versus Nick Shore in neutral zone.
0:18 of 3rd period - Penalty to Zac Leslie is over, Zac Leslie is back on ice.
0:19 of 3rd period - Snap shot by Nick Cousins.
0:19 of 3rd period - Stopped by Garret Sparks with a rebound.
0:21 of 3rd period - Snap shot by Zach Aston-Reese.
0:21 of 3rd period - Shot Misses the Net.
0:23 of 3rd period - Snap shot by Jack Dougherty.
0:23 of 3rd period - Stopped by Garret Sparks without a rebound.
0:24 of 3rd period - Jared McCann wins face-off versus Nick Shore in Condors zone.
0:46 of 3rd period - Icing by Connor Carrick.
0:47 of 3rd period - Phil McRae wins face-off versus Jared McCann in Eagles zone.
1:12 of 3rd period - Slapshot by Nick Cousins.
1:12 of 3rd period - Shot Misses the Net.
1:31 of 3rd period - Off-side.
1:32 of 3rd period - Ryan McLeod wins face-off versus Sam Steel in neutral zone.
2:22 of 3rd period - Mattias Samuelsson is hit by Phil McRae and loses puck.
3:43 of 3rd period - Minor Penalty to Jack Dougherty for Roughing.
3:44 of 3rd period - Nick Shore wins face-off versus Jared McCann in Eagles zone.
5:24 of 3rd period - Snap shot by Taro Hirose.
5:24 of 3rd period - Stopped by Adin Hill with a rebound.
5:43 of 3rd period - Penalty to Jack Dougherty is over, Jack Dougherty is back on ice.
6:28 of 3rd period - C.J. Smith is hit by Sam Steel.
7:25 of 3rd period - Wrist shot by Gabriel Vilardi.
7:25 of 3rd period - Shot Misses the Net.
7:27 of 3rd period - Wrist shot by Sam Steel.
7:27 of 3rd period - Deflect By Matteson Iacopelli.
7:27 of 3rd period - Stopped by Garret Sparks with a rebound.
7:29 of 3rd period - Snap shot by Ryan Murphy.
7:29 of 3rd period - Deflect By Jason Robertson.
7:29 of 3rd period - Stopped by Garret Sparks with a rebound.
7:31 of 3rd period - Wrist shot by Ryan Murphy.
7:31 of 3rd period - Shot Misses the Net.
7:54 of 3rd period - Off-side.
7:55 of 3rd period - Jared McCann wins face-off versus Connor Hurley in neutral zone.
7:58 of 3rd period - Snap shot by Jonathan Racine.
7:58 of 3rd period - Stopped by Garret Sparks without a rebound.
7:59 of 3rd period - Connor Hurley wins face-off versus Jared McCann in Condors zone.
8:16 of 3rd period - Alexander Alexeyev is hit by Gabriel Vilardi and loses puck.
8:58 of 3rd period - Slapshot by Ryan Murphy.
8:58 of 3rd period - Stopped by Garret Sparks with a rebound.
9:09 of 3rd period - Icing by Jared McCann.
9:10 of 3rd period - Jared McCann wins face-off versus Nick Shore in Eagles zone.
9:14 of 3rd period - Off-side.
9:15 of 3rd period - Drake Caggiula wins face-off versus Nick Shore in neutral zone.
9:26 of 3rd period - Wrist shot by Joseph Blandisi.
9:26 of 3rd period - Shot Misses the Net.
9:28 of 3rd period - Wrist shot by Nick Cousins.
9:28 of 3rd period - Shot Misses the Net.
9:48 of 3rd period - Snap shot by Taro Hirose.
9:48 of 3rd period - Stopped by Adin Hill with a rebound.
10:08 of 3rd period - Wrist shot by Connor Carrick.
10:08 of 3rd period - Shot Misses the Net.
10:10 of 3rd period - Slapshot by Connor Carrick.
10:10 of 3rd period - Deflect By Chris Calhan.
10:10 of 3rd period - Stopped by Garret Sparks with a rebound.
10:12 of 3rd period - Snap shot by Zach Aston-Reese.
10:12 of 3rd period - Stopped by Garret Sparks with a rebound.
10:28 of 3rd period - Snap shot by Pontus Holmberg.
10:28 of 3rd period - Stopped by Adin Hill without a rebound.
10:29 of 3rd period - Joseph Blandisi wins face-off versus Nick Shore in Eagles zone.
10:40 of 3rd period - Snap shot by Nick Shore.
10:40 of 3rd period - Goal by Nick Shore - Condors : 4 - Eagles : 3.
10:41 of 3rd period - Drake Caggiula wins face-off versus Nick Shore in neutral zone.
11:07 of 3rd period - Jack Dougherty is hit by Zac Leslie and loses puck.
11:12 of 3rd period - Snap shot by Taro Hirose.
11:12 of 3rd period - Shot Misses the Net.
11:38 of 3rd period - Off-side.
11:39 of 3rd period - Nick Shore wins face-off versus Drake Caggiula in neutral zone.
12:00 of 3rd period - Minor Penalty to Nick Shore for Roughing.
12:01 of 3rd period - Ryan McLeod wins face-off versus Drake Caggiula in Condors zone.
12:14 of 3rd period - Wrist shot by Drake Caggiula.
12:14 of 3rd period - Goal by Drake Caggiula - Condors : 4 - Eagles : 4.
12:15 of 3rd period - Nick Shore wins face-off versus Drake Caggiula in neutral zone.
12:15 of 3rd period - Patrik Laine is hit by Ryan Murphy and loses puck.
12:34 of 3rd period - Minor Penalty to Jason Robertson for Hooking.
12:35 of 3rd period - Nick Shore wins face-off versus Zach Aston-Reese in Condors zone.
13:00 of 3rd period - Alexandre Carrier is hit by Michael Carcone and loses puck.
13:05 of 3rd period - Snap shot by Drake Caggiula.
13:05 of 3rd period - Deflect By Gabriel Vilardi.
13:05 of 3rd period - Shot Misses the Net.
13:05 of 3rd period - Puck is out of play.
13:06 of 3rd period - Drake Caggiula wins face-off versus Nick Shore in Condors zone.
13:43 of 3rd period - Snap shot by Nick Cousins.
13:43 of 3rd period - Stopped by Garret Sparks with a rebound.
14:14 of 3rd period - Icing by Jack Dougherty.
14:15 of 3rd period - Zach Aston-Reese wins face-off versus Nick Shore in Eagles zone.
14:34 of 3rd period - Penalty to Jason Robertson is over, Jason Robertson is back on ice.
14:58 of 3rd period - Snap shot by Patrik Laine.
14:58 of 3rd period - Deflect By Tyler Motte.
14:58 of 3rd period - Shot Blocked by Tyler Motte.
14:58 of 3rd period - Puck is out of play.
14:59 of 3rd period - Jared McCann wins face-off versus Connor Hurley in Eagles zone.
15:04 of 3rd period - Snap shot by Ryan Murphy.
15:04 of 3rd period - Stopped by Garret Sparks with a rebound.
15:06 of 3rd period - Backhand shot by Michael Carcone.
15:06 of 3rd period - Shot Misses the Net.
15:08 of 3rd period - Snap shot by Michael Carcone.
15:08 of 3rd period - Shot Misses the Net.
15:10 of 3rd period - Slapshot by Jack Dougherty.
15:10 of 3rd period - Deflect By Kiefer Sherwood.
15:10 of 3rd period - Stopped by Garret Sparks with a rebound.
15:14 of 3rd period - Wrist shot by Jared McCann.
15:14 of 3rd period - Shot Misses the Net.
15:24 of 3rd period - Phil McRae is hit by Matteson Iacopelli and loses puck.
16:23 of 3rd period - Slapshot by C.J. Smith.
16:23 of 3rd period - Shot Misses the Net.
16:52 of 3rd period - Snap shot by Matteson Iacopelli.
16:52 of 3rd period - Shot Blocked by Philippe Myers.
17:02 of 3rd period - Slapshot by Patrik Laine.
17:02 of 3rd period - Shot Misses the Net.
17:33 of 3rd period - Snap shot by Gabriel Vilardi.
17:33 of 3rd period - Stopped by Garret Sparks with a rebound.
17:35 of 3rd period - Snap shot by Gabriel Vilardi.
17:35 of 3rd period - Stopped by Garret Sparks with a rebound.
17:37 of 3rd period - Wrist shot by Jared McCann.
17:37 of 3rd period - Deflect By Gabriel Vilardi.
17:37 of 3rd period - Shot Blocked by Nikolai Knyzhov.
17:37 of 3rd period - Puck is out of play.
17:38 of 3rd period - Sam Steel wins face-off versus Kiefer Sherwood in Condors zone.
18:03 of 3rd period - Patrik Laine is hit by Nick Cousins and loses puck.
18:19 of 3rd period - Nick Shore is hit by Keaton Middleton and loses puck.
18:26 of 3rd period - Nick Cousins is hit by Nick Shore and loses puck.
18:35 of 3rd period - Slapshot by Connor Carrick.
18:35 of 3rd period - Shot Blocked by Brett Lernout.
19:25 of 3rd period - Slapshot by Nick Shore.
19:25 of 3rd period - Goal by Nick Shore - Condors : 5 - Eagles : 4.
19:26 of 3rd period - Taro Hirose wins face-off versus Zach Aston-Reese in neutral zone.
19:31 of 3rd period - Wrist shot by Connor Hurley.
19:31 of 3rd period - Shot Blocked by Jack Dougherty.
19:41 of 3rd period - Eagles, Adin Hill is pulled from the net.
Goals for this period are 2 for Condors vs 1 for Eagles.
Shots for this period are 5 for Condors vs 14 for Eagles.